 Dungeon Crawl Stone Soup version 0.19-a0-1714-gcab94ab (webtiles) character file.

273 dobroeutro the Skirmisher (level 6, -1/49 HPs)
             Began as a Demonspawn Fighter on Sept 28, 2016.
             Slain by Pikel
             ... wielding a +1 whip of electrocution
              (7 damage)
             ... on level 5 of the Dungeon.
             The game lasted 00:05:41 (1989 turns).

dobroeutro the Skirmisher (Demonspawn Fighter)      Turns: 1989, Time: 00:05:42

Health: -1/49      AC: 12    Str: 24    XL:     6   Next: 2%
Magic:  0/6        EV:  7    Int:  9    God:
Gold:   131        SH:  9    Dex: 12    Spells: 0 memorised, 5 levels left

rFire  . . .     SeeInvis .     a - +0 war axe
rCold  . . .     Gourm    .     b - +0 scale mail
rNeg   . . .     Faith    .     c - +0 shield
rPois  .         Spirit   +     u - +0 helmet (curse)
rElec  .         Dismiss  .     (no cloak)
rCorr  .         Reflect  .     j - +2 pair of gloves
MR     .....     Harm     .     (no boots)
Stlth  ..........               p - amulet of inaccuracy (curse)
                                (no ring)
                                k - ring of loudness (curse)

@: mighty
A: claws 1, spiny 1, magic shield
a: no special abilities


You were on level 5 of the Dungeon.
You were not hungry.

You visited 1 branch of the dungeon, and saw 5 of its levels.

You collected 131 gold pieces.

Inventory:

Hand Weapons
 a - a +0 war axe (weapon)
Armour
 b - a +0 scale mail (worn)
 c - a +0 shield (worn)
 j - a +2 pair of gloves (worn)
 u - a cursed +0 helmet (worn)
Jewellery
 k - a cursed ring of loudness (left hand)
 p - a cursed amulet of inaccuracy (around neck)
 v - an uncursed ring of magical power {unknown}
Scrolls
 e - 3 scrolls of fog
 h - 3 scrolls of identify
 n - a scroll of fear
 o - a scroll of magic mapping
 q - 2 scrolls of blinking
Potions
 i - 2 potions of haste {unknown}
 l - 2 potions of heal wounds {unknown}
 m - 2 potions of lignification {unknown}
 r - a potion of cancellation {unknown}
 s - a potion of degeneration {unknown}
Comestibles
 f - 3 bread rations
 t - a meat ration


   Skills:
 + Level 4.3 Fighting
 * Level 4.1 Axes
 + Level 3.8 Armour
 - Level 2.6 Shields


You had 5 spell levels left.
You didn't know any spells.

Dungeon Overview and Level Annotations

Branches:
Dungeon (6/15)
 Temple: D:4-7

Altars:
Kikubaaqudgha

Annotations:
D:5 Pikel


Innate Abilities, Weirdness & Mutations

You have sharp fingernails.
You are partially covered in sharp spines.
When hurt, damage is shared between your health and your magic reserves.


Message History

You miss Pikel.
Pikel is moderately wounded.
You miss the slave. Pikel is struck by your spines. Pikel closely misses you.
The slave hits you.
* * * LOW HITPOINT WARNING * * *
You closely miss Pikel.
Pikel is moderately wounded.
You slash the slave!
You kill the slave!
That felt strangely unrewarding.
Pikel hits you with a whip of electrocution.
* * * LOW HITPOINT WARNING * * *
Pikel closely misses you.
You closely miss Pikel.
Pikel is moderately wounded.
Pikel barely misses you.
You miss Pikel.
Pikel is moderately wounded.
Pikel hits you but does no damage.
You are electrocuted!
You die...

# ...##.#######
......[@K...#
...##.#####....
.. # ... ###


You could see Pikel.

Vanquished Creatures
  A slave (D:5)
  An ogre (D:2)
  A crimson imp (D:6)
  An orc wizard (D:3)
  Natasha (D:2)
  4 adders (D:2)
  An ooze (D:1)
  2 dart slugs
  3 leopard geckos (D:2)
  4 orcs
  6 bats
  3 giant cockroaches (D:2)
  7 goblins
  4 hobgoblins (D:2)
  3 jackals (D:1)
  A quokka (D:2)
  2 ball pythons
  A frilled lizard (D:2)
  2 kobolds
  3 rats
51 creatures vanquished.

Notes
Turn   | Place    | Note
-------+----------+-------------------------------------------
     0 | D:1      | dobroeutro the Demonspawn Fighter began the quest for the Orb.
     0 | D:1      | Reached XP level 1. HP: 18/18 MP: 1/1
    75 | D:1      | Gained mutation: You are partially covered in sharp spines. [demonic ancestry]
    75 | D:1      | Reached XP level 2. HP: 24/24 MP: 2/2
   852 | D:2      | Gained mutation: When hurt, damage is shared between your health and your magic reserves. [demonic ancestry]
   852 | D:2      | Reached XP level 3. HP: 29/29 MP: 3/3
  1313 | D:2      | Reached XP level 4. HP: 33/36 MP: 2/4
  1435 | D:2      | Found an ancient bone altar of Kikubaaqudgha.
  1634 | D:3      | Noticed Natasha
  1643 | D:2      | Killed Natasha
  1687 | D:3      | Noticed an ogre
  1692 | D:2      | Killed an ogre
  1692 | D:2      | Gained mutation: You have sharp fingernails. [demonic ancestry]
  1692 | D:2      | Reached XP level 5. HP: 39/42 MP: 5/5
  1831 | D:3      | You fall through a shaft for 3 floors!
  1915 | D:6      | Reached XP level 6. HP: 40/49 MP: 3/6
  1971 | D:6      | Noticed Pikel
  1971 | D:6      | Noticed a slave
  1971 | D:6      | Noticed a slave
  1975 | D:5      | Entered Level 5 of the Dungeon
  1987 | D:5      | Killed a slave
  1989 | D:5      | Slain by Pikel

Vault maps used:
D:1:      minmay_arrival_wavy_path, grunt_decor_one_mirror,
          lemuel_another_geyser
D:2:      lemuel_round_altar
D:3:      hangedman_abyss_or_decor_lesser_grid, uniq_iyjb, uniq_natasha
D:5:      lemuel_crystal_altar, first_bread, kennysheep_generic_room_9
D:6:      hex_tiny, uniq_pikel

Skill      XL: |  1  2  3  4  5 |
---------------+----------------+-----
Axes           | 2 3 4 |  4.1
Armour         | 3 |  3.8
Fighting       | 4 |  4.3
Shields        | |  2.6

Action                   |  1- 3 |  4- 6 || total
-------------------------+-------+-------++-------
Melee: War axe           |    79 |    78 ||   157
  Use: Scroll            |     8 |       ||     8
       Potion            |       |     2 ||     2
  Eat: Chunk             |     1 |     3 ||     4
Armor: Scale mail        |    46 |    53 ||    99
Dodge: Dodged            |    24 |    25 ||    49
Block: Shield            |    54 |    35 ||    89
